 Dungeon Crawl Stone Soup version 0.29.0 (webtiles) character file.

Game seed: 830795730194866496

1306 Dorkslayer the Conjurer (level 8, -4/52 HPs)
             Began as an Octopode Conjurer on Sept 16, 2022.
             Slain by a hornet (14 damage)
             ... on level 5 of the Dungeon.
             The game lasted 00:14:24 (5044 turns).

Dorkslayer the Conjurer (Octopode Conjurer)         Turns: 5044, Time: 00:14:24

Health: -4/52      AC:  1    Str:  8    XL:     8   Next: 57%
Magic:  7/14       EV: 14    Int: 20    God:
Gold:   346        SH:  0    Dex: 11    Spells: 8/15 levels left

rFire   . . .      SeeInvis .   m - +3 morningstar (vorpal)
rCold   . . .      Faith    .   (no shield)
rNeg    . . .      Spirit   .   (helmet restricted)
rPois   +          Reflect  .   o - amulet of regeneration
rElec   .          Harm     .   x - ring of poison resistance
rCorr   .          Rampage  .   (no ring)
Will    .....                   (no ring)
Stlth   +++.......              (no ring)
HPRegen 0.97/turn               (no ring)
MPRegen 0.14/turn               (no ring)
                                (no ring)
                                (no ring)

@: slowed, very slow
A: almost no armour, amphibious, 8 rings, camouflage 1, gelatinous body 1,
(nimble swimmer 1), tentacles
a: no special abilities


You were on level 5 of the Dungeon.
You visited 1 branch of the dungeon, and saw 5 of its levels.

You collected 346 gold pieces.

Inventory:

Hand Weapons
 e - a +0 war axe
 g - a +0 mace
 m - a +3 vorpal morningstar (weapon)
Missiles
 n - 8 javelins (quivered)
 q - a boomerang
Jewellery
 o - an amulet of regeneration (around mantle)
 x - a ring of poison resistance (left tentacle)
Wands
 v - a wand of acid (7)
Scrolls
 h - a scroll of silence {unknown}
 l - a scroll of butterflies {unknown}
 p - a scroll of poison
 r - a scroll of enchant armour {unknown}
 t - a scroll of vulnerability {unknown}
 u - a scroll of teleportation {unknown}
 y - 2 scrolls of identify {unknown}
 A - a scroll of magic mapping {unknown}
 B - a scroll of blinking {unknown}
Potions
 a - 2 potions of magic
 b - a potion of haste {unknown}
 c - 2 potions of cancellation {unknown}
 d - a potion of might {unknown}
 f - 2 potions of curing
 i - a potion of mutation {unknown}
 k - 2 potions of lignification {unknown}
 s - 2 potions of invisibility {unknown}
 w - a potion of ambrosia {unknown}
 z - 2 potions of attraction {unknown}


   Skills:
 * Level 3.2 Fighting
 + Level 2.2 Maces & Flails
 * Level 2.7 Throwing
 * Level 4.1 Dodging
 + Level 4.4 Stealth
 + Level 4.0 Spellcasting
 + Level 6.0 Conjurations
 * Level 2.6 Translocations
 * Level 2.8 Evocations


You had 8 spell levels left.
You knew the following spells:

 Your Spells              Type           Power      Damage    Failure   Level
a - Magic Dart            Conj           100%       1d8       1%          1
b - Searing Ray           Conj           56%        2d6       1%          2
c - Iskenderun's Mystic   Conj/Tloc      21%        2d6       22%         4

Your spell library contained the following spells:

 Spells                   Type           Power      Damage    Failure   Level
 Dazzling Flash           Conj/Hex       32%        N/A       11%         3
 Beastly Appendage        Tmut           8%         N/A       13%         1
 Gell's Gravitas          Tloc           14%        N/A       13%         3
 Teleport Other           Tloc           14%        N/A       13%         3
 Wereblood                Tmut           4%         N/A       19%         2
 Spider Form              Tmut/Pois      4%         N/A       36%         3
 Fulminant Prism          Conj/Hex       8%         3d7       36%         4
 Corpse Rot               Necr/Pois/Air  4%         N/A       77%         4
 Dispel Undead            Necr           4%         3d7       77%         4
 Death Channel            Necr           2%         N/A       100%        6
 Dispersal                Tloc           7%         N/A       100%        6


Dungeon Overview and Level Annotations

Branches:
Dungeon (5/15)
 Temple: D:4-7

Altars:
Ashenzari
Xom
The Shining One

Shops:
D:2 =

Annotations:
D:5 Dowan, Duvessa


Innate Abilities, Weirdness & Mutations

You cannot wear most types of armour.
You are amphibious.
You can wear up to eight rings at the same time.
Your skin changes colour to match your surroundings (Stealth+).
Your rubbery body absorbs attacks. (AC +1, EV +1)
((You are camouflaged when in or above water. (Stealth+)))
You have tentacles for arms and can constrict up to eight enemies at once.


Message History

Confirm with . or Enter, or press ? or * to list all spells.
The spell is quite dangerous to miscast (22% risk of failure)!
Continue anyway?
You erupt in a blast of force!
The mystic blast hits the hornet.
The hornet is lightly wounded.
The hornet is knocked back by the mystic blast.
You hear a shout! x2
The centaur shoots an arrow.
The arrow hits you!
The centaur shoots an arrow.
The arrow hits you!
Okay, then.
Casting: Iskenderun's Mystic Blast (quite dangerous; 22% risk of failure)
Confirm with . or Enter, or press ? or * to list all spells.
The spell is quite dangerous to miscast (22% risk of failure)!
Continue anyway?
You erupt in a blast of force!
The mystic blast hits the hornet.
The hornet is lightly wounded.
The hornet is knocked back by the mystic blast.
The hornet collides with the centaur!
The centaur is lightly wounded.
The hornet is moderately wounded.
Casting: Iskenderun's Mystic Blast (quite dangerous; 22% risk of failure)
Confirm with . or Enter, or press ? or * to list all spells.
Okay, then.
Okay, then.
The centaur shoots an arrow.
The arrow closely misses you.
The centaur shoots an arrow.
The arrow hits you!
* * * LOW HITPOINT WARNING * * *
You hear a shout!
Unknown command.
You feel better. The hornet stings you!
* * * LOW HITPOINT WARNING * * *
You feel yourself slow down.
You feel better. The hornet completely misses you.
The hornet barely misses you.
The centaur unwields a +0 shortbow.
The centaur hits you.
* * * LOW HITPOINT WARNING * * *
The centaur misses you. The centaur attacks as you move away!
The centaur barely misses you. The centaur kicks you.
* * * LOW HITPOINT WARNING * * *
The hornet stings you!
You die...

#.########..##..#..#..##. .
######..##.............. ..
.........'............. ...
........######..###..# #..# #
........##..##..###..###..######.
#'####......#........#...........
#...##......#........'...........
.>..........#........#.........
........##..####@##..........#
........########y##..#######.##
##..##.........#c....#.....#..#
###'##.........#.....#.....#..#
'...##..##....##.....#.._..#..#
#...############.....#.....#..#
##..# ......$........#.....#..#
##..# ...............###'###..#
....# ..##....##.............##


You could see a hornet and a centaur.

Vanquished Creatures
  Grinder (D:5)
  Prince Ribbit (D:5)
  Edmund (D:4)
  2 ogres
  2 phantoms
  A scorpion (D:4)
  A howler monkey (D:4)
  2 hounds
  A jelly (D:4)
  Natasha (thrice) (D:2)
  An iguana (D:4)
  4 gnolls (D:4)
  3 adders
  An ufetubus (D:4)
  A worm (D:2)
  3 dart slugs
  14 orcs
  4 ball pythons
  7 endoplasms
  4 giant cockroaches
  7 goblins
  10 hobgoblins
  2 jackals (D:4)
  5 kobolds
  6 bats
  3 frilled lizards
  8 rats
98 creatures vanquished.

Notes
Turn   | Place    | Note
-------+----------+-------------------------------------------
     0 | D:1      | Dorkslayer the Octopode Conjurer began the quest for the
                  | Orb.
     0 | D:1      | Reached XP level 1. HP: 11/11 MP: 3/3
   199 | D:1      | Reached XP level 2. HP: 17/17 MP: 0/5
   769 | D:2      | Learned a level 2 spell: Searing Ray
   903 | D:2      | Reached XP level 3. HP: 22/22 MP: 3/6
   953 | D:2      | Found Miaphixi's Jewellery Shop.
  1362 | D:2      | Noticed Natasha
  1374 | D:2      | Killed Natasha
  1375 | D:2      | Reached XP level 4. HP: 20/27 MP: 7/7
  1483 | D:2      | Found a faded altar of an unknown god.
  1621 | D:2      | Reached skill level 1 in Fighting
  1719 | D:2      | Noticed Natasha
  1752 | D:2      | Killed Natasha
  1753 | D:2      | Reached skill level 5 in Conjurations
  1848 | D:2      | Noticed Natasha
  1852 | D:2      | Killed Natasha
  1853 | D:2      | Reached XP level 5. HP: 33/33 MP: 3/8
  2300 | D:3      | Found a broken altar of Ashenzari.
  2777 | D:3      | Learned a level 4 spell: Iskenderun's Mystic Blast
  2845 | D:3      | Noticed a phantom
  2857 | D:3      | Killed a phantom
  2858 | D:3      | Reached XP level 6. HP: 35/39 MP: 2/10
  3440 | D:4      | Reached skill level 1 in Evocations
  3560 | D:4      | Reached skill level 1 in Throwing
  3891 | D:4      | Found a shimmering altar of Xom.
  3995 | D:4      | Reached skill level 1 in Maces & Flails
  3995 | D:4      | Reached skill level 1 in Translocations
  4079 | D:4      | Found a shimmering altar of Xom.
  4079 | D:4      | Noticed Edmund
  4089 | D:4      | Reached XP level 7. HP: 20/37 MP: 11/11
  4092 | D:4      | Killed Edmund
  4570 | D:5      | Entered Level 5 of the Dungeon
  4622 | D:5      | Noticed Prince Ribbit
  4623 | D:5      | Reached XP level 8. HP: 51/51 MP: 2/13
  4634 | D:5      | Killed Prince Ribbit
  4884 | D:5      | Noticed Grinder
  4898 | D:5      | Killed Grinder
  4899 | D:5      | Reached skill level 6 in Conjurations
  4968 | D:5      | Found a glowing golden altar of the Shining One.
  4984 | D:5      | Noticed Duvessa
  4985 | D:5      | Noticed Dowan
  5029 | D:5      | Noticed a hornet
  5042 | D:5      | HP: 2/52 [hornet (10)]
  5044 | D:5      | Slain by a hornet

Illustrated notes

Levels and vault maps discovered:
D:1:      dpeg_arrival_orchard, layout_basic
D:2:      minmay_general_purpose_star, layout_rooms, serial_shops,
          nicolae_shop_statue_plus, hellmonk_ecumenical_altar_defaced_shrine,
          uniq_natasha
D:3:      layout_basic, nicolae_ashenzari_skybound, guppyfry_early_orc_mine
D:4:      layout_loops_corners, xom_redecorated, uniq_edmund
D:5:      layout_gridville, amcnicky_altar_gilded, marbit_many_paths,
          uniq_duvessa, uniq_prince_ribbit1, uniq_blork_the_orc, uniq_grinder,
          uniq_pikel

Skill      XL: |  1  2  3  4  5  6  7  8 |
---------------+-------------------------+-----
Stealth        | 3 4 |  4.4
Fighting       | 1 2 3 |  3.2
Conjurations   | 5 6 |  6.0
Dodging        | 3 4 |  4.1
Spellcasting   | 3 4 |  4.0
Evocations     | 1 2 |  2.8
Throwing       | 1 2 |  2.7
Maces & Flails | 1 2 |  2.2
Translocations | 1 2 |  2.6

Action                   |  1- 3 |  4- 6 |  7- 9 || total
-------------------------+-------+-------+-------++-------
Melee: Tentacles         |     6 |     4 |     4 ||    14
       Constrict         |     5 |     3 |     3 ||    11
       Unarmed           |     2 |       |       ||     2
       Dagger            |     1 |       |       ||     1
       Mace              |     8 |       |       ||     8
       Morningstar       |     3 |    19 |     9 ||    31
       Punch             |       |     1 |       ||     1
Throw: Javelin           |       |     3 |       ||     3
 Cast: Magic Dart        |    55 |    93 |    19 ||   167
       Searing Ray       |       |     9 |     5 ||    14
       Iskenderun's Myst |       |       |     2 ||     2
Evoke: Wand              |       |     1 |     3 ||     4
  Use: Scroll            |       |     2 |     1 ||     3
       Potion            |       |     2 |     5 ||     7
 Stab: Sleeping          |       |     1 |       ||     1
Armor: Skin              |       |     2 |     2 ||     4
Dodge: Dodged            |     8 |    32 |    14 ||    54
